AoeStats
← The_Economist

Arena

510396527Analyzed
1v1 RM · 15h ago on Sep 30, 2026· 37m 9s· 2 players
Game mode
Random Map
Map size
Tiny (2 player)
Population
200
Speed
Normal
Resources
Standard
Victory
Conquest
Starting age
Dark Age
Ending age
Imperial Age
RankedLock teamsTeams togetherTeam positionsShared explorationLock speedFull tech treeHidden civsTurbo modeCheats
Victory
Defeat
🇺🇸 Lithuanians · United States
1341
+15
🇬🇧 Saxons · United Kingdom
1325
-15
bok2basics
10:27 Feudal Age
14:18 Castle Age
12:29 Double-Bit Axe
13:08 Horse Collar
15:38 Bow Saw
24:13 Heavy Plow
25:37 Wheelbarrow
24:49 Loom
28:09 Fletching
27:42 Crossbowman
31:11 Imperial Age
28:57 Padded Archer Armor
29:07 Thumb Ring
29:27 Ballistics
29:53 Bodkin Arrow
30:14 Leather Archer Armor
29:59 Town Watch
31:15 Arbalester
33:02 Chemistry
33:21 Two-Man Saw
32:28 Bracer
32:53 Conscription
The_Economist
9:39 Feudal Age
11:36 Double-Bit Axe
14:25 Castle Age
13:10 Horse Collar
18:24 Town Watch
19:22 Wheelbarrow
21:52 Heavy Plow
22:08 Bow Saw
22:11 Gold Mining
23:49 Bloodlines
24:04 Husbandry
24:35 Stone Mining
27:26 Imperial Age
24:43 Loom
26:09 Bloodlines
25:59 Husbandry
26:11 Scale Barding Armor
26:16 Forging
27:26 Husbandry
28:12 Stone Mining
27:58 Cavalier
29:56 Two-Man Saw
29:19 Hand Cart
30:26 Conscription
30:04 Paladin
32:47 Chain Barding Armor
33:49 Iron Casting
34:43 Stone Shaft Mining
35:35 Plate Barding Armor
Connection lost

Rejoining the realm…

Still unreachable

The connection could not be restored.

Session expired

The server has moved on; the page needs a fresh start.